 Dungeon Crawl Stone Soup version 0.27-a0-1060-gcb85b5eba1 (webtiles) character file.

Game seed: 17952566772720426401

48 Ijustatesigmund the Skirmisher (level 3, -2/29 HPs)
             Began as a Demonspawn Fighter on Apr 21, 2021.
             Slain by a scorpion (6 damage)
             ... on level 2 of the Dungeon.
             The game lasted 00:03:08 (1544 turns).

Ijustatesigmund the Skirmisher (Demonspawn Fighter) Turns: 1544, Time: 00:03:09

Health: -2/29      AC:  7    Str: 16    XL:     3   Next: 50%
Magic:  3/3        EV:  7    Int:  9    God:
Gold:   43         SH:  8    Dex: 13    Spells: 2/2 levels left

rFire    . . .     SeeInvis .   a - +0 war axe
rCold    . . .     Faith    .   c - +0 kite shield
rNeg     . . .     Spirit   .   b - +0 scale mail
rPois    .         Reflect  .   (no helmet)
rElec    .         Harm     .   (no cloak)
rCorr    .         Rampage  .   (no gloves)
Will     .....                  (no boots)
Stlth    ..........             (no amulet)
HPRegen  0.09/turn              (no ring)
MPRegen  0.08/turn              (no ring)

@: mighty, lethally poisoned (-2 -> -3)
A: hooves 1, sharp scales 1
a: no special abilities


You were on level 2 of the Dungeon.
You visited 1 branch of the dungeon, and saw 2 of its levels.

You collected 43 gold pieces.

Inventory:

Hand Weapons
 a - a +0 war axe (weapon)
Armour
 b - a +0 scale mail (worn)
 c - a +0 kite shield (worn)
Scrolls
 e - a scroll of teleportation {unknown}
 g - 4 scrolls of identify {unknown}


   Skills:
 + Level 3.4 Fighting
 * Level 2.8 Axes
 - Level 2.6 Armour
 + Level 1.1 Dodging
 - Level 2.6 Shields


You had 2 spell levels left.
You didn't know any spells.
Your spell library was empty.

Dungeon Overview and Level Annotations

Branches:
Dungeon (2/15)

Altars:

Shops:
D:1 (


Innate Abilities, Weirdness & Mutations

You have large cloven feet.
You are partially covered in razor-sharp scales. (AC +1, Slay +1)


Message History

The scorpion moves out of view.
You slash the scorpion!
The scorpion is moderately wounded.
The scorpion stings you.
You hit the scorpion but do no damage.
The scorpion is moderately wounded.
The scorpion stings you.
You are poisoned.
The scorpion poisons you! You block the scorpion's attack.
You closely miss the scorpion.
The scorpion is moderately wounded.
You feel very sick. You block the scorpion's attack. x2
You hit the scorpion.
The scorpion is moderately wounded.
You feel very sick. The scorpion barely misses you. x2
You hit the scorpion but do no damage.
The scorpion is moderately wounded.
You feel very sick. The scorpion closely misses you. The scorpion stings you.
* * * LOW HITPOINT WARNING * * *
You are too injured to fight recklessly!
You are too injured to fight recklessly!
You are too injured to fight recklessly!
You are too injured to fight recklessly!
You are too injured to fight recklessly!
You are too injured to fight recklessly!
You are too injured to fight recklessly!
You are too injured to fight recklessly!
You feel very mighty all of a sudden.
You feel sick. You block the scorpion's attack.
You closely miss the scorpion.
The scorpion is moderately wounded.
You feel sick. The scorpion barely misses you. The scorpion closely misses you.
Your shield prevents you from hitting the scorpion.
Your kick misses the scorpion.
The scorpion is moderately wounded.
You feel sick. The scorpion stings you.
You die...

########......# #
###..............#.#
.
................#.#..
.#.#####.............
.............†.......
#.#.##......<.......
#....#.#...#######
#..###.#...#
#@...#.#...#
#....s#.#.#.#...#
#...............#
..##.#.###+#.#.#.#
#.## #.#.#.#.## # .
#.#.#... # #...#..#
#.#.###.# ###.# #.#


You could see a scorpion.

Vanquished Creatures
  2 adders (D:2)
  2 dart slugs (D:1)
  3 endoplasms (D:2)
  2 giant cockroaches (D:2)
  5 goblins
  2 hobgoblins (D:2)
  A kobold (D:1)
  2 quokkas (D:1)
  A bat (D:2)
  2 frilled lizards (D:1)
  2 rats
24 creatures vanquished.

Notes
Turn   | Place    | Note
-------+----------+-------------------------------------------
     0 | D:1      | Ijustatesigmund the Demonspawn Fighter began the quest for
                  | the Orb.
     0 | D:1      | Reached XP level 1. HP: 18/18 MP: 1/1
   209 | D:1      | Gained mutation: You have large cloven feet. [demonic
                  | ancestry]
   209 | D:1      | Reached XP level 2. HP: 20/24 MP: 2/2
   281 | D:1      | Found Agughig's Antique Weapon Boutique.
   448 | D:1      | Found a faded altar of an unknown god.
  1012 | D:2      | Reached skill level 1 in Dodging
  1012 | D:2      | Gained mutation: You are partially covered in razor-sharp
                  | scales. (AC +1, Slay +1) [demonic ancestry]
  1012 | D:2      | Reached XP level 3. HP: 28/29 MP: 3/3
  1535 | D:2      | Noticed a scorpion
  1544 | D:2      | Slain by a scorpion

Illustrated notes

Levels and vault maps discovered:
D:1:      dpeg_arrival_round_b, layout_basic, serial_co_window_serial,
          co_window_of_opportunity_a, co_window_paths_b, co_window_corner_a,
          co_window_paths_b, co_window_paths_a, co_window_corner_ca,
          co_window_2corner, co_window_broadway_c, co_window_4corner_a,
          glass_columns_a, serial_shops, nicolae_shop_waterfront,
          hellmonk_ecumenical_altar_prayer_group
D:2:      layout_basic, grunt_decor_clamped, grunt_ministairs_3,
          grunt_decor_fettered, uniq_terence

Skill      XL: |  1  2 |
---------------+-------+-----
Axes           | 2 |  2.8
Dodging        | 1 |  1.1
Fighting       | |  3.4
Armour         | |  2.6
Shields        | |  2.6

Action                   || total
-------------------------++-------
Melee: War axe           ||    87
       Kick              ||     8
  Use: Potion            ||     2
Armor: Scale mail        ||    38
Dodge: Dodged            ||    29
Block: Kite shield       ||    55

Table legend: (Time is in decaauts)
 A = Elapsed time spent in this place.
 B = Non-inter-level travel time spent in this place.
 C = Inter-level travel time spent in this place.
 D = Time resting spent in this place.
 E = Time spent auto-exploring this place.
 F = Levels seen in this place.
 G = Mean time per level.
                   A        B        C        D        E       F      G
               +--------+--------+--------+--------+--------+-----+--------+
         Total |   1580 |   1566 |     14 |    279 |   1075 |   2 |  790.0 |
       Dungeon |   1580 |   1566 |     14 |    279 |   1075 |   2 |  790.0 |
               +--------+--------+--------+--------+--------+-----+--------+

Top non-repeatable levels by time:
     D:1: 956 daAuts
     D:2: 624 daAuts
